 Dungeon Crawl Stone Soup version 0.24-a0-699-g5a66b1aa3b (webtiles) character file.

Game seed: 5378720214174121008, levelgen mode: deterministic

187 Arixos the Grave Robber (level 5, -3/38 HPs)
             Began as a Mummy Necromancer on Sept 29, 2019.
             Was a Follower of Sif Muna.
             Slain by a bullfrog (8 damage)
             ... in a sewer.
             The game lasted 00:18:09 (3311 turns).

Arixos the Grave Robber (Mummy Necromancer)         Turns: 3311, Time: 00:18:10

Health: -3/38      AC:  3    Str: 12    XL:     5   Next: 39%
Magic:  0/11       EV: 12    Int: 15    God:    Sif Muna [*.....]
Gold:   70         SH:  0    Dex: 12    Spells: 9/13 levels left

rFire    x . .     SeeInvis .   (no weapon)
rCold    + . .     Gourm    .   (no shield)
rNeg     + + +     Faith    .   a - +0 robe
rPois    ∞         Spirit   .   (no helmet)
rElec    .         Reflect  .   (no cloak)
rCorr    .         Harm     .   (no gloves)
MR       .....                  e - +0 pair of boots
Stlth    +.........             (no amulet)
HPRegen  0.12/turn              (no ring)
MPRegen  0.12/turn              (no ring)

@: very slightly contaminated, very slow
A: no food or potions, fire vulnerability, cold resistance 1, negative energy
resistance 3, torment resistance, unbreathing
a: Channel Magic, Renounce Religion


You were in a sewer.
You worshipped Sif Muna.
Sif Muna was aware of your devotion.
You were not hungry.

You visited 1 branch of the dungeon, and saw 3 of its levels.
You also visited: Sewer.

You collected 70 gold pieces.

Inventory:

Armour
 a - a +0 robe (worn)
 e - a +0 pair of boots (worn)
Jewellery
 f - an uncursed ring of flight {unknown}
Scrolls
 b - 3 scrolls of remove curse {unknown}
 c - a scroll of random uselessness {unknown}
 d - a scroll of teleportation {unknown}
 g - a scroll of amnesia {unknown}
 h - a scroll of magic mapping {unknown}


   Skills:
 + Level 1.9 Fighting
 + Level 2.3 Dodging
 - Level 1.5 Stealth
 * Level 4.5 Spellcasting
 * Level 5.0 Necromancy


You had 9 spell levels left.
You knew the following spells:

 Your Spells              Type           Power        Failure   Level  Hunger
a - Pain                  Necr           ###.         2%          1    N/A
b - Vampiric Draining     Necr           ###.......   6%          3    N/A

Your spell library contained the following spells:

 Spells                   Type           Power        Failure   Level  Hunger
 Animate Skeleton         Necr           N/A          2%          1    N/A
 Animate Dead             Necr           N/A          22%         4    N/A
 Regeneration             Chrm/Necr      Unusable     N/A         3    N/A

Dungeon Overview and Level Annotations

Branches:
Dungeon (3/15)              Sewer (1/1)

Altars:
Sif Muna
Trog
Zin
The Shining One


Innate Abilities, Weirdness & Mutations

You do not eat or drink.
Your flesh is vulnerable to fire.
You are immune to poison.
Your flesh is cold resistant. (rC+)
You are immune to negative energy. (rN+++)
You are immune to unholy pain and torment.
You can survive without breathing.


Message History

Aim: a bullfrog (severely wounded)
You miscast Vampiric Draining.
You are very lightly contaminated with residual magic.
You hear strange and distant voices.
The bullfrog hits you but does no damage.
The bullfrog barely misses you.
Casting: Vampiric Draining (safe; 6% risk of failure)
Confirm with . or Enter, or press ? or * to list all spells.
Aiming: Vampiric Draining (safe; 6% risk of failure)
Press: ? - help, Shift-Dir - straight line, f/p - bullfrog
Aim: a bullfrog (severely wounded)
The bullfrog is almost dead.
You feel life coursing into your body. The bullfrog hits you.
The bullfrog hits you!
* * * LOW HITPOINT WARNING * * *
The bullfrog hits you.
* * * LOW HITPOINT WARNING * * *
The bullfrog misses you. The bullfrog hits you!
You die...

≈≈≈≈### #≈≈≈≈.#
≈≈≈≈≈≈≈≈≈≈≈####≈≈≈≈.#
≈≈≈≈≈≈≈≈≈≈≈≈≈##≈≈≈≈≈#
≈≈≈≈≈≈≈≈.∩≈≈≈≈#≈≈≈≈≈#
≈≈≈..≈≈≈..≈≈≈≈≈≈≈≈≈≈#
#≈≈≈≈≈≈≈.(...≈..≈≈≈≈≈≈≈÷≈#
#≈≈≈≈≈≈.$$$...≈≈≈≈≈≈≈≈≈≈.#
#≈≈≈≈≈≈≈≈[≈≈≈.≈≈≈≈≈≈≈≈≈≈≈#
#≈≈≈≈≈≈≈≈...≈.@≈≈≈≈≈≈≈≈≈≈#
#≈≈≈≈≈≈≈≈≈≈≈FF≈≈≈≈≈≈≈≈≈≈#
#≈≈≈≈≈≈≈≈≈≈≈≈≈≈≈≈≈≈.≈≈≈≈#
######≈≈≈≈≈≈≈≈≈≈≈≈≈≈≈≈.≈≈≈.#
÷.........≈≈≈≈≈≈≈≈≈≈..≈≈≈≈.#
≈≈≈≈≈≈≈≈≈≈≈≈≈≈≈≈≈≈≈≈≈≈≈≈≈≈.#
≈≈≈≈≈≈≈≈≈≈≈≈≈≈≈≈≈≈≈≈≈≈≈≈≈≈.#
≈≈≈≈≈≈≈≈≈≈≈≈≈≈≈≈≈≈≈≈≈≈≈≈≈..#
≈.........................##


You could see 2 bullfrogs.

Vanquished Creatures
  Terence (D:3)
  A gnoll (D:1)
  5 adders
  2 river rats (D:3)
  A worm (D:2)
  4 dart slugs
  5 leopard geckos
  3 ball pythons
  4 bats
  8 giant cockroaches
  5 goblins
  7 hobgoblins
  10 jackals
  11 frilled lizards
  4 kobolds
  6 rats
77 creatures vanquished.

Notes
Turn   | Place    | Note
-------+----------+-------------------------------------------
     0 | D:1      | Arixos the Mummy Necromancer began the quest for the Orb.
     0 | D:1      | Reached XP level 1. HP: 13/13 MP: 4/4
   161 | D:1      | Reached XP level 2. HP: 20/20 MP: 0/6
   816 | D:1      | Reached skill level 1 in Fighting
   921 | D:1      | Reached XP level 3. HP: 26/26 MP: 5/7
  1411 | D:2      | Found a glowing golden altar of the Shining One.
  1471 | D:2      | Found a shimmering blue altar of Sif Muna.
  1474 | D:2      | Became a worshipper of Sif Muna the Loreminder
  1525 | D:2      | Found a glowing silver altar of Zin.
  1770 | D:2      | Found a bloodstained altar of Trog.
  1850 | D:2      | Reached XP level 4. HP: 32/32 MP: 3/9
  2493 | D:3      | Noticed Terence
  2500 | D:3      | Killed Terence
  2678 | D:3      | Found a glowing drain.
  2693 | D:3      | Reached XP level 5. HP: 27/38 MP: 1/11
  2780 | Sewer    | Entered a sewer
  3043 | Sewer    | Reached * piety under Sif Muna
  3043 | Sewer    | Reached skill level 5 in Necromancy
  3182 | Sewer    | Learned a level 3 spell: Vampiric Draining
  3311 | Sewer    | Slain by a bullfrog

Levels and vault maps discovered:
D:1:      ncdulo_halloftheorcs, layout_basic, hex_intersection,
          chequers_serial_rivers_micro_d, minmay_lizard_pond
D:2:      layout_basic, old_standard_altar, lemuel_doored_altar,
          marbit_many_paths, lemuel_blue_sif_altar
D:3:      kennysheep_goblin_castle, layout_rooms, lemuel_round_altar,
          okawaru_gym_becter, cheibriados_altar_1,
          nicolae_overflow_crystal_walls, portal_sewer_entry_a,
          grunt_ministairs_7, chequers_big_river, uniq_terence
Sewer:    sewer_frog_island_01

Skill      XL: |  1  2  3  4  5 |
---------------+----------------+-----
Spellcasting   | 3 4 |  4.5
Fighting       | 1 |  1.9
Dodging        | 2 |  2.3
Necromancy     | 5 |  5.0
Stealth        | |  1.5

Action                   |  1- 3 |  4- 6 || total
-------------------------+-------+-------++-------
Melee: Unarmed           |    25 |    29 ||    54
 Cast: Pain              |    70 |    93 ||   163
       Vampiric Draining |       |     2 ||     2
Armor: Robe              |    10 |    12 ||    22
Dodge: Dodged            |    37 |    77 ||   114

Table legend:
 A = Non-vault XP
 B = Vault XP
 C = Vault XP percentage of total XP
 D = Non-vault monster count
 E = Vault monster count
 F = Vault count percentage of total count
                 A         B        C        D         E       F
            +---------+---------+-------+---------+---------+-------
      Total |     130 |     138 |  51.5 |      48 |      29 |  37.7
            +---------+---------+-------+---------+---------+-------
        D:1 |      56 |       5 |   8.2 |      21 |       5 |  19.2
        D:2 |      49 |       2 |   3.9 |      21 |       1 |   4.5
        D:3 |      25 |      65 |  72.2 |       6 |       6 |  50.0
      Sewer |       0 |      66 | 100.0 |       0 |      17 | 100.0
            +---------+---------+-------+---------+---------+-------
